 Dungeon Crawl Stone Soup version 0.21.1-1-g345015f (webtiles) character file.

407 inc the Charmwright (level 6, -4/24 HPs)
             Began as a Felid Ice Elementalist on Mar 3, 2018.
             Killed by nerve-wracking pain
             ... invoked by Menkaure
              (9 damage)
             ... on level 5 of the Dungeon.
             The game lasted 00:11:59 (6737 turns).

inc the Charmwright (Felid Ice Elementalist)        Turns: 6737, Time: 00:11:59

Health: -4/24      AC:  8    Str:  4    XL:     6   Next: 57%
Magic:  10/10      EV: 18    Int: 18    God:
Gold:   69         SH:  0    Dex: 17    Spells: 1/9 levels left
                                        Lives:  0   Deaths: 1

rFire    . . .     SeeInvis +   (weapon unavailable)
rCold    . . .     Gourm    .   (shield unavailable)
rNeg     . . .     Faith    .   (armour unavailable)
rPois    .         Spirit   .   (helmet unavailable)
rElec    .         Reflect  .   (cloak unavailable)
rCorr    .         Harm     .   (gloves unavailable)
MR       .....                  (boots unavailable)
Stlth    +++.......             (no amulet)
HPRegen  0.08/turn              (no ring)
MPRegen  0.12/turn              (no ring)

@: icy armour (expiring), quick
A: very small, no armour, no weapons or thrown items, stealth, claws 1, fangs 3,
see invisible, carnivore, speed 1, shaggy fur 2, slow metabolism 1, sharp paws
a: no special abilities


You were on level 5 of the Dungeon.
You were not hungry.

You visited 1 branch of the dungeon, and saw 6 of its levels.

You collected 169 gold pieces.
You spent 100 gold pieces at shops.

Inventory:

Jewellery
 n - an uncursed ring of protection from fire {unknown}
 s - a cursed ring of teleportation {unknown}
Scrolls
 c - a scroll of enchant armour {unknown}
 e - 5 scrolls of remove curse
 f - a scroll of amnesia
 k - 6 scrolls of teleportation
 m - a scroll of fog
 r - 3 scrolls of identify
Potions
 d - 4 potions of heal wounds
 g - 2 potions of lignification
 h - a potion of mutation
 i - 2 potions of haste
 j - a potion of cancellation {unknown}
 l - 2 potions of curing {unknown}
 o - a potion of brilliance
 p - 2 potions of might {unknown}
 t - a potion of ambrosia {unknown}
Books
 a - a book of Frost

   Spells                             Type                      Level
   a - Freeze                         Ice                          1
   b - Throw Frost                    Conjuration/Ice              2
   c - Ozocubu's Armour               Charms/Ice                   3
   d - Throw Icicle                   Conjuration/Ice              4
   e - Summon Ice Beast               Ice/Summoning                4
Comestibles
 b - 6 rations


   Skills:
 - Level 2.6 Dodging
 - Level 2.6 Stealth
 - Level 2.0 Spellcasting
   Level 0.8 Conjurations
 - Level 5.0 Charms
 + Level 4.8 Summonings
 - Level 4.0 Ice Magic


You had one spell level left.
You knew the following spells:

 Your Spells              Type           Power        Failure   Level  Hunger
a - Freeze                Ice            ###.         3%          1    #......
b - Ozocubu's Armour      Chrm/Ice       ###.....     9%          3    ###....
c - Summon Ice Beast      Ice/Summ       ###.....     28%         4    #####..


Dungeon Overview and Level Annotations

Branches:
Dungeon (6/15)
 Temple: D:4-7

Altars:
Dithmenos
Kikubaaqudgha
Ru

Shops:
D:4 [(![

Annotations:
D:5 Menkaure


Innate Abilities, Weirdness & Mutations

You cannot wear armour.
You are incapable of wielding weapons or throwing items.
Your paws allow you to move quietly. (Stealth)
You have sharp claws.
You have razor-sharp teeth.
You have supernaturally acute eyesight. (SInv)
You are carnivorous and can eat meat at any time.
You cover ground quickly.
You are covered in thick fur. (AC +2)
You have a slow metabolism.
Your sharp claws are effective at attacking unaware monsters.


Message History

* * * LOW HITPOINT WARNING * * *
Menkaure calls on the powers of darkness!
Your body is wracked with pain!
* * * LOW HITPOINT WARNING * * *
Menkaure gestures at you while chanting.
You resist with significant effort.
Menkaure murmurs drily.
Menkaure gestures at you while chanting.
You resist with significant effort.
Menkaure is no longer moving quickly.
Menkaure casts a spell.
Menkaure seems to speed up.
Menkaure's bandages flutter.
Menkaure calls on the powers of darkness!
Your body is wracked with pain!
* * * LOW HITPOINT WARNING * * *
Your icy armour starts to melt.
Menkaure casts a spell at you. Pain shoots through your body!
You die...

# #.# #Z# #.# # ###.##### #.#
#.# # #.......# #.# #.#
###.......######.###### #.#
.##.......#...........# #.#
.##.......#...........# #.####
.##.......#...........###.##.#
.##.......#...........#......#
.####.#####.....@.....######.#
.# #.# #...........# #.# .#
#.# #...........# #.# #####.#
######.###### #.# ...##.# #.#
#.# ...##.# #M# #.# ...##.#
#.# #.# ...##.#
#.###########.# ...##.#
#.....M.....#.#


You could see Menkaure.

Vanquished Creatures
  A scorpion (D:5)
  A bullfrog zombie (D:5)
  An orc priest (D:3)
  5 orc wizards
  An iguana (D:5)
  2 worker ants (D:5)
  A hound skeleton (D:5)
  A gnoll (D:4)
  7 adders
  4 oozes
  2 worms
  2 dart slugs
  4 leopard geckos
  17 orcs
  A ball python (D:3)
  7 bats
  4 giant cockroaches
  5 goblins
  4 hobgoblins
  A quokka (D:4)
  4 frilled lizards
  15 kobolds
  A leopard gecko zombie (D:5)
  6 rats
97 creatures vanquished.

Notes
Turn   | Place    | Note
-------+----------+-------------------------------------------
     0 | D:1      | inc the Felid Ice Elementalist began the quest for the Orb.
     0 | D:1      | Reached XP level 1. HP: 7/7 MP: 4/4
    86 | D:1      | Reached XP level 2. HP: 8/11 MP: 0/6
   724 | D:2      | Reached XP level 3. HP: 14/14 MP: 5/7
   735 | D:2      | Learned a level 3 spell: Ozocubu's Armour
   930 | D:3      | Found an ancient bone altar of Kikubaaqudgha.
   945 | D:3      | Reached skill level 2 in Charms
   945 | D:3      | Reached XP level 4. HP: 12/18 MP: 2/8
  1183 | D:2      | Reached skill level 3 in Charms
  1788 | D:2      | Found a sacrificial altar of Ru.
  1801 | D:2      | Reached skill level 4 in Charms
  1801 | D:2      | Reached XP level 5. HP: 14/21 MP: 4/9
  2497 | D:3      | Reached skill level 5 in Charms
  2757 | D:2      | Learned a level 4 spell: Summon Ice Beast
  3072 | D:3      | Found a faded altar of an unknown god.
  3286 | D:4      | Found Koxt's Weapon Shop.
  3293 | D:4      | Found Uwolaci's Antique Armour Boutique.
  3302 | D:4      | Found a shadowy altar of Dithmenos.
  3342 | D:4      | Found Olorgha's Distillery.
  3361 | D:4      | Bought a potion of heal wounds for 50 gold pieces
  3361 | D:4      | Bought a potion of heal wounds for 50 gold pieces
  3497 | D:3      | Reached skill level 1 in Summonings
  3789 | D:4      | Found Lemaro Ramu's Armour Shop.
  4093 | D:4      | Slain by a gnoll
  4094 | D:4      | Reached XP level 4. HP: -4/18 MP: 8/8
  4157 | D:5      | Entered Level 5 of the Dungeon
  4439 | D:5      | Reached XP level 5. HP: 14/21 MP: 4/9
  5609 | D:4      | Gained mutation: You are covered in thick fur. (AC +2) [Felid growth]
  5609 | D:4      | Reached XP level 6. HP: 13/24 MP: 1/10
  6685 | D:6      | Noticed Menkaure
  6737 | D:5      | Killed from afar by Menkaure

Skill      XL: |  1  2  3  4  5  6 |
---------------+-------------------+-----
Ice Magic      | 3 4 |  4.0
Charms         | 2 4 5 |  5.0
Summonings     | 2 3 4 |  4.8
Dodging        | |  2.6
Stealth        | |  2.6
Spellcasting   | |  2.0
Conjurations   | |  0.8

Action                   |  1- 3 |  4- 6 || total
-------------------------+-------+-------++-------
Melee: Unarmed           |    15 |   121 ||   136
       Bite              |     1 |     6 ||     7
 Cast: Freeze            |    39 |   148 ||   187
       Ozocubu's Armour  |     1 |    19 ||    20
  Use: Scroll            |       |    12 ||    12
 Stab: Sleeping          |     9 |    14 ||    23
       Invisible         |       |     1 ||     1
       Paralysed         |       |     1 ||     1
  Eat: Chunk             |       |    12 ||    12
       Ration            |       |     1 ||     1
Armor: Skin              |     1 |    26 ||    27
Dodge: Dodged            |    40 |   203 ||   243
